 Dungeon Crawl Stone Soup version 0.29-a0-234-g0dae59b3db (webtiles) character file.

Game seed: 15081024220499400530

177 HotDog the Covered (level 5, -8/40 (47) HPs)
             Began as a Minotaur Fighter on Mar 3, 2022.
             Mangled by a hell rat (11 damage)
             ... in a sewer.
             The game lasted 00:03:23 (1853 turns).

HotDog the Covered (Minotaur Fighter)               Turns: 1853, Time: 00:03:24

HP:   -8/40 (47)    AC:  8    Str: 23    XL:     5   Next: 31%
MP:   4/4           EV:  8    Int:  5    God:
Gold: 128           SH:  8    Dex:  9    Spells: 4/4 levels left

rFire   . . .      SeeInvis .   a - +0 long sword
rCold   . . .      Faith    .   i - +0 kite shield
rNeg    . . .      Spirit   .   b - +0 scale mail
rPois   .          Reflect  .   (helmet restricted)
rElec   .          Harm     .   (no cloak)
rCorr   .          Rampage  .   h - +0 pair of gloves
Will    .....                   (no boots)
Stlth   ..........              (no amulet)
HPRegen 0.13/turn               (no ring)
MPRegen 0.09/turn               (no ring)

@: mighty, heavily drained, very slow
A: horns 2, retaliatory headbutt
a: no special abilities


You were in a sewer.
You visited 1 branch of the dungeon, and saw 3 of its levels.
You also visited: Sewer.

You collected 128 gold pieces.

Inventory:

Hand Weapons
 a - a +0 long sword (weapon)
Armour
 b - a +0 scale mail (worn)
 h - a +0 pair of gloves (worn)
 i - a +0 kite shield (worn)
Scrolls
 e - a scroll of teleportation
 l - a scroll of fog
Potions
 c - a potion of mutation {unknown}
 f - 2 potions of attraction
 g - a potion of cancellation


   Skills:
 * Level 4.5 Fighting
 * Level 4.3 Long Blades
 * Level 4.5 Armour
 * Level 1.4 Dodging
 * Level 4.5 Shields


You had 4 spell levels left.
You didn't know any spells.
Your spell library contained the following spells:

 Spells                   Type           Power      Damage    Failure   Level
 Foxfire                  Conj/Fire      0%         2x1d4     98%         1
 Conjure Flame            Conj/Fire      0%         6-21      100%        3
 Inner Flame              Hex/Fire       0%         N/A       100%        3
 Portal Projectile        Hex/Tloc       0%         N/A       100%        3
 Flame Wave               Conj/Fire      0%         2d4       100%        4
 Blade Hands              Tmut           0%         N/A       100%        5
 Excruciating Wounds      Necr           0%         N/A       100%        5


Dungeon Overview and Level Annotations

Branches:
Dungeon (3/15)              Sewer (1/1)

Altars:
Elyvilon

Shops:
D:1 :   D:2 [=


Innate Abilities, Weirdness & Mutations

You have a pair of horns on your head.
You reflexively headbutt those who attack you in melee.


Message History

A hell rat is nearby!
Found three items.
There is an open door here.
You enter the shallow water.
Moving in this stuff is going to be slow.
The hell rat bites you.
You feel drained. The hell rat bites you.
You feel drained.
You hit the hell rat.
The hell rat is moderately wounded.
The hell rat splashes around in the water.
You block the hell rat's attack.
You barely miss the hell rat. Your headbutt misses the hell rat.
The hell rat is moderately wounded.
The hell rat bites you!
You feel drained.
You hit the hell rat but do no damage.
The hell rat is moderately wounded.
The hell rat barely misses you. x2
Your unstable footing causes you to fumble your attack.
The hell rat closely misses you.
You feel very mighty all of a sudden. You block the hell rat's attack.
The hell rat bites you.
You feel drained.
Your unstable footing causes you to fumble your attack.
The hell rat splashes around in the water.
Your unstable footing causes you to fumble your attack.
You block the hell rat's attack. The hell rat bites you!
Your unstable footing causes you to fumble your attack.
The hell rat bites you.
* * * LOW HITPOINT WARNING * * *
The hell rat bites you but does no damage.
You barely miss the hell rat.
The hell rat is moderately wounded.
The hell rat splashes around in the water.
Your unstable footing causes you to fumble your attack.
The hell rat splashes around in the water.
You block the hell rat's attack.
Your unstable footing causes you to fumble your attack.
The hell rat bites you!
* * * LOW HITPOINT WARNING * * *
You feel drained. The hell rat bites you!
You die...

###≈..###
#.≈.≈.≈≈#
##.≈≈..≈.##
#≈..###...#
##≈≈##≈##..##
#≈†.#.≈≈#≈.≈#
#≈≈##!≈≈##≈≈#
#..#?!≈≈≈#†.#
#∩∩#∩)≈r@'.≈#
#.≈#??≈≈≈#..#
#≈≈##?≈≈##.≈#
#≈..#≈.≈#≈†≈#
##..##≈##≈.##
#≈≈≈###.≈.#
##≈≈≈≈.≈≈##
#≈≈≈≈≈≈≈#
###...###


You could see a hell rat.

Vanquished Creatures
  Jessica (D:2)
  Terence (D:2)
  Robin (D:2)
  3 adders
  2 river rats (Sewer)
  9 ball pythons
  6 bats
  4 endoplasms
  4 giant cockroaches
  7 hobgoblins
  3 jackals (D:1)
  2 quokkas (D:1)
  2 frilled lizards (D:2)
  10 goblins
  A kobold (D:1)
  14 rats
70 creatures vanquished.

Notes
Turn   | Place    | Note
-------+----------+-------------------------------------------
     0 | D:1      | HotDog the Minotaur Fighter began the quest for the Orb.
     0 | D:1      | Reached XP level 1. HP: 19/19 MP: 0/0
   206 | D:1      | Found Ugiugat's Book Shoppe.
   227 | D:1      | Reached XP level 2. HP: 26/27 MP: 1/1
   656 | D:1      | Found a faded altar of an unknown god.
   873 | D:1      | Reached XP level 3. HP: 33/33 MP: 2/2
   969 | D:2      | Noticed Terence
   977 | D:2      | Killed Terence
  1002 | D:2      | Found a white marble altar of Elyvilon.
  1129 | D:2      | Found Irruynus's Armour Shoppe.
  1224 | D:2      | Found Biczou's Jewellery Boutique.
  1248 | D:2      | Noticed Jessica
  1260 | D:2      | Killed Jessica
  1261 | D:2      | Reached skill level 1 in Dodging
  1261 | D:2      | Reached XP level 4. HP: 40/40 MP: 3/3
  1327 | D:2      | Noticed Robin
  1377 | D:2      | Killed Robin
  1631 | D:2      | Noticed an ogre
  1664 | D:3      | Found a glowing drain.
  1678 | D:3      | Reached XP level 5. HP: 34/47 MP: 4/4
  1776 | Sewer    | Entered a sewer
  1853 | Sewer    | Mangled by a hell rat

Illustrated notes

Levels and vault maps discovered:
D:1:      dpeg_arrival_court, layout_loops_cross, serial_shops,
          nicolae_shop_trees, hellmonk_ecumenical_altar_lost_god
D:2:      layout_loops_ring, basic_altar, serial_shops, shop,
          nicolae_shop_statue_plus, uniq_robin, uniq_terence, uniq_jessica
D:3:      layout_loops_ring, gup_sewer_entry_glass, uniq_sigmund
Sewer:    sewer_hellmonk_bad_rat

Skill      XL: |  1  2  3  4 |
---------------+-------------+-----
Fighting       | 4 |  4.5
Shields        | 4 |  4.5
Armour         | 4 |  4.5
Long Blades    | 3 4 |  4.3
Dodging        | 1 |  1.4

Action                   |  1- 3 |  4- 6 || total
-------------------------+-------+-------++-------
Melee: Long sword        |    79 |    81 ||   160
       Headbutt          |    12 |    12 ||    24
  Use: Scroll            |     3 |     2 ||     5
       Potion            |     1 |     1 ||     2
Armor: Scale mail        |    38 |    40 ||    78
Dodge: Dodged            |    34 |    32 ||    66
Block: Buckler           |     4 |       ||     4
       Kite shield       |    23 |    41 ||    64

Table legend: (Time is in decaauts)
 A = Elapsed time spent in this place.
 B = Non-inter-level travel time spent in this place.
 C = Inter-level travel time spent in this place.
 D = Time resting spent in this place.
 E = Time spent auto-exploring this place.
 F = Levels seen in this place.
 G = Mean time per level.
                   A        B        C        D        E       F      G
               +--------+--------+--------+--------+--------+-----+--------+
         Total |   1925 |   1851 |     74 |     82 |   1295 |   4 |  481.2 |
       Dungeon |   1827 |   1753 |     74 |     82 |   1252 |   3 |  609.0 |
         Sewer |     98 |     98 |      0 |      0 |     43 |   1 |   98.0 |
               +--------+--------+--------+--------+--------+-----+--------+

Top non-repeatable levels by time:
     D:1: 968 daAuts
     D:2: 714 daAuts
     D:3: 143 daAuts
   Sewer: 98 daAuts
